Map: Newkirk Precinct TE (Void)

Players

GuMiho - Winner!

  • Race: Terran Terran
  • Spawn Location: 7:00

INnoVation

  • Race: Terran Terran
  • Spawn Location: 5:00

Event: IEM XI Katowice - World Championship 2017

VOD

Have the link to the VOD?

Description

Time

  • Played on: March 3, 2017, 3 p.m.
  • Length: 16:15

All games in this series

Show
View Real Time Build Order
Export as new Build Order

GuMiho Terran - Winner!

Build Orders: Reaper Expand, Bio Tank 

Get SALT Encoding   

  12  0:00  SCV  
  13  0:13  SCV  
  14  0:18  Supply Depot  
  14  0:25  SCV  
  15  0:30  Refinery  
  15  0:40  SCV  
  16  0:45  Barracks  
  16  0:52  SCV  
  17  1:04  SCV  
  18  1:16  SCV  
  19  1:32  Orbital Command  
  19  1:33  Reaper  
  20  1:44  Command Center  
  20  1:54  Factory  
  20  1:58  SCV  
  21  2:05  Refinery  
  21  2:07  Barracks Reactor  
  21  2:10  SCV  
  22  2:16  Supply Depot  
  22  2:23  SCV  
  23  2:38  SCV  
  23  2:39  Starport  
  24  2:47  Hellion x2  
  24  2:50  SCV  
  29  2:56  Orbital Command  
  29  3:00  Barracks Tech Lab  
  29  3:02  SCV  
  30  3:09  Hellion  
  30  3:12  Hellion  
  34  3:14  SCV  
  35  3:21  SCV  
  35  3:26  Raven  
  38  3:27  SCV  
  38  3:30  Refinery  
  38  3:33  Supply Depot  
  39  3:37  SCV  
  39  3:39  SCV  
  41  3:42  Supply Depot  
  41  3:48  Cyclone  
  41  3:51  SCV  
  41  3:52  SCV  
  46  3:57  Cyclone  
  49  4:04  SCV x2  
  49  4:05  Supply Depot  
  51  4:10  Viking  
  51  4:16  SCV x2  
  55  4:28  SCV  
  55  4:29  SCV, Cyclone  
  55  4:30  Cyclone  
  62  4:40  Supply Depot  
  62  4:41  SCV x2  
  64  4:45  Barracks Tech Lab  
  64  4:53  SCV x2  
  64  4:56  Supply Depot  
  64  5:07  SCV x2  
  64  5:09  Command Center  
  64  5:11  Marine  
  64  5:12  Stimpack  
  67  5:18  Engineering Bay  
  67  5:19  Barracks  
  67  5:20  SCV x2  
  67  5:21  Starport Reactor, Engineering Bay  
  69  5:25  Siege Tank  
  72  5:29  Marine  
  72  5:32  SCV  
  72  5:33  SCV  
  69  5:45  SCV x2  
  71  5:55  Marine  
  72  5:57  SCV x2  
  72  5:59  Terran Infantry Armor Level 1, Terran Infantry Weapons Level 1  
  72  6:00  Refinery  
  72  6:03  Viking x2  
  76  6:08  Marine x2  
  76  6:09  SCV x2  
  80  6:13  Marine, Barracks  
  81  6:19  Barracks x2  
  81  6:20  Siege Tank  
  81  6:21  SCV x2  
  86  6:27  Orbital Command  
  86  6:34  SCV x2  
  86  6:35  Marine  
  86  6:36  Marine x2  
  86  6:38  Viking x2  
  95  6:46  SCV x2  
  96  6:56  Supply Depot x2  
  96  6:58  SCV x2  
  101  7:02  Armory  
  101  7:03  SCV  
  101  7:04  Barracks Reactor  
  101  7:06  Supply Depot  
  101  7:07  Barracks Reactor x2  
  101  7:08  Refinery x2  
  99  7:10  Medivac  
  101  7:18  SCV x3  
  101  7:19  Marine x3  
  101  7:20  Combat Shields  
  107  7:30  SCV x3  
  107  7:33  Siege Tank  
  107  7:34  Supply Depot  
  65  7:37  Marine x2, Supply Depot, Medivac  
  113  7:42  Marine  
  113  7:43  Marine x4  
  122  7:44  Marine  
  122  7:45  Marine  
  122  7:48  SCV  
  125  7:55  Command Center  
  125  7:56  SCV x2  
  127  8:00  Supply Depot  
  127  8:01  Supply Depot  
  127  8:02  Marine x3  
  127  8:03  Marine x3, Terran Infantry Weapons Level 2  
  127  8:04  Terran Infantry Armor Level 2  
  133  8:07  Terran Vehicle Weapons Level 1  
  133  8:11  Medivac  
  135  8:13  Marine x2  
  135  8:14  Marine  
  135  8:19  Marine  
  138  8:20  Marine x2  
  138  8:21  Marine  
  142  8:27  Marine x2  
  142  8:29  Medivac  
  142  8:31  Marine x2  
  142  8:32  Supply Depot  
  142  8:33  Supply Depot  
  148  8:35  Marine  
  148  8:37  Marine x2  
  148  8:38  Marine  
  148  8:41  Marine, Siege Tank  
  153  8:42  Supply Depot  
  153  8:45  Marine x2  
  153  8:47  Factory  
  157  8:54  Marine x2, Marauder  
  157  8:55  Marine  
  161  8:56  Marine  
  161  8:57  Marine, Supply Depot x2  
  161  8:58  Marine  
  162  9:15  Marine x7  
  159  9:23  Marine  
  134  9:24  Marine  
  134  9:25  Siege Tank  
  134  9:26  Medivac x2  
  139  9:31  Barracks  
  139  9:32  Factory Tech Lab, Barracks  
  139  9:33  Marine x7  
  139  9:37  Barracks  
  139  9:38  Planetary Fortress  
  146  9:41  Marine  
  146  9:42  Marine  
  148  9:47  Sensor Tower  
  148  9:51  Marine x7  
  155  9:59  Marine x2, Medivac x2  
  160  10:00  Siege Tank  
  159  10:09  Marine x7  
  159  10:13  Siege Tank  
  158  10:17  Marine x2  
  158  10:20  Barracks Reactor  
  158  10:21  Barracks Reactor  
  157  10:24  Barracks Reactor  
  157  10:26  Marine  
  157  10:27  Marine x6  
  164  10:34  Medivac x2  
  164  10:35  Marine x2, Siege Tank  
  171  10:44  Marine x5  
  171  10:45  Terran Infantry Weapons Level 3, Marine x2, Siege Tank  
  180  10:51  Terran Infantry Armor Level 3  
  180  10:52  Marine  
  180  10:53  Marine  
  178  10:58  Marine  
  178  10:59  Marine x3  
  178  11:00  Marine x2  
  178  11:02  Marine x4  
  178  11:03  Marine  
  178  11:04  Marine  
  169  11:08  Marine  
  159  11:13  Marine x2  
  159  11:14  Siege Tank  
  159  11:16  Marine x3  
  159  11:18  Marine x3  
  166  11:20  Marine x2  
  166  11:22  Orbital Command  
  151  11:26  Marine x2  
  151  11:27  Marine x3  
  151  11:30  Marine  
  151  11:31  Marine  
  156  11:34  Marine x2  
  156  11:35  Medivac  
  160  11:40  Medivac  
  160  11:45  Marine x3  
  165  11:48  Marine x2  
  165  11:49  Marine  
  165  11:51  Marine x3  
  170  11:57  Marine  
  170  11:58  Marine  
  170  11:59  Marine x2  
  170  12:01  Marine x2  
  175  12:03  Marine x2  
  175  12:04  Marine  
  175  12:06  Marine  
  173  12:10  Marine x3  
  173  12:11  Marine  
  173  12:12  Marine  
  137  12:15  Marine  
  137  12:17  Marine x2  
  137  12:18  Orbital Command  
  137  12:19  Marine  
  137  12:20  Marine x2  
  137  12:21  Marine x2  
  137  12:22  Marine  
  136  12:25  Terran Vehicle Weapons Level 2  
  136  12:30  Medivac x2  
  136  12:35  Marine x2  
  136  12:36  Marine  
  143  12:39  Marine  
  143  12:40  Marine  
  143  12:41  Marine  
  143  12:42  Marine  
  143  12:44  Marine  
  147  12:45  Marine  
  147  12:46  Marine  
  147  12:47  Marine  
  147  12:48  Marine  
  147  12:50  Marine  
  153  12:53  Marine x2  
  153  12:54  Marine x2  
  153  12:57  Marine  
  153  12:58  Marine x2  
  159  13:00  Marine, Medivac  
  163  13:06  Marine x2  
  165  13:13  Marine x2  
  165  13:14  Marine x4  
  165  13:15  Marine, Medivac  
  165  13:16  Marine  
  165  13:19  Siege Tank  
  178  13:22  Marine x2  
  178  13:23  Marine  
  179  13:28  Marine x2  
  179  13:30  Medivac  
  179  13:31  Marine x2  
  169  13:48  Marine x2  
  163  13:49  Marine x2  
  163  13:51  Marine x2  
  163  13:53  Marine  
  169  13:57  Marine x2  
  169  13:58  Siege Tank x2  
  170  14:05  Marine x3  
  170  14:06  Marine x2  
  170  14:09  Marine x3  
  168  14:12  Marine x2  
  168  14:14  Marine x2  
  172  14:20  Marine x3  
  172  14:23  Marine x2  
  176  14:25  Marine x3  
  176  14:27  Marine x2  
  176  14:30  Siege Tank  
  183  14:32  Marine x2  
  183  14:33  Marine x2  
  183  14:34  Marine  
  183  14:37  Marine  
  183  14:38  Marine x2  
  186  14:41  Marine x2  
  186  14:43  Marine x2  
  188  14:45  Marine x2  
  188  14:46  Marine  
  188  14:50  Marine x2  
  188  14:51  Marine x2  
  191  14:53  Marine, Orbital Command  
  191  14:55  Marine  
  191  14:57  Marine  
  191  14:58  Marine x2  
  191  14:59  Marine  
  192  15:01  Marine x2  
  192  15:03  Marine x2  
  192  15:04  Marine  
  196  15:07  Marine x2  
  196  15:08  Marine x2  
  196  15:11  Marine  
  185  15:23  Marine  
  185  15:24  Marine x2  
  185  15:25  Marine x3  
  189  15:28  Marine  
  189  15:29  Marine  
  189  15:30  Marine x3  
  189  15:35  Marine x2  
  193  15:38  Marine x2  
  193  15:41  Marine  
  197  15:46  Marine x2  
  197  15:47  Marine  
  197  15:48  Marine x2  
  166  15:50  Marine  
  166  15:51  Marine x3  
  166  15:52  Marine  
  166  15:53  Marine x2  
  166  15:56  Marine x2  
Show
View Real Time Build Order
Export as new Build Order

INnoVation Terran 

Build Orders: Cyclone Opening, Reaper Expand, Bio Tank 

Get SALT Encoding   

  12  0:00  SCV  
  13  0:12  SCV  
  14  0:18  Supply Depot  
  14  0:24  SCV  
  15  0:29  Refinery  
  15  0:40  SCV  
  16  0:45  Barracks  
  16  0:52  SCV  
  17  1:04  SCV  
  18  1:16  SCV  
  19  1:32  Reaper, Orbital Command  
  20  1:44  Command Center  
  20  1:55  Factory  
  20  1:59  SCV  
  21  2:06  Barracks Reactor  
  21  2:10  Refinery  
  21  2:11  SCV  
  22  2:16  Supply Depot  
  22  2:23  SCV  
  23  2:37  SCV  
  23  2:39  Cyclone  
  23  2:42  Marine x2  
  29  2:50  SCV  
  30  2:56  Orbital Command  
  30  2:58  Starport  
  30  3:02  SCV  
  30  3:04  Marine x2  
  33  3:11  Factory Tech Lab  
  33  3:14  SCV  
  34  3:22  Marine x2, SCV  
  34  3:26  SCV  
  37  3:34  Supply Depot, SCV  
  37  3:38  SCV  
  37  3:39  Marine  
  37  3:40  Marine, Raven  
  43  3:42  Refinery  
  43  3:44  Factory Tech Lab  
  43  3:48  SCV  
  44  3:50  SCV  
  45  3:57  Marine  
  45  3:58  Marine, Supply Depot  
  45  4:00  SCV  
  45  4:02  SCV  
  49  4:07  Siege Tank  
  52  4:12  SCV  
  52  4:14  SCV  
  54  4:19  Marine x2  
  55  4:26  SCV x2  
  57  4:31  Raven  
  57  4:33  Command Center  
  57  4:38  Supply Depot  
  59  4:40  SCV  
  59  4:41  SCV  
  59  4:45  Refinery  
  61  4:52  SCV  
  63  5:00  SCV  
  63  5:01  Supply Depot  
  63  5:04  SCV  
  64  5:07  Siege Tank  
  64  5:12  SCV  
  65  5:16  SCV  
  65  5:18  Marine, Stimpack  
  67  5:24  SCV  
  67  5:26  Viking x2  
  67  5:28  SCV  
  73  5:34  Barracks  
  72  5:37  SCV  
  72  5:40  SCV  
  72  5:41  Marine, Siege Tank  
  70  5:49  SCV  
  64  5:52  SCV  
  64  5:53  Orbital Command  
  64  5:54  Engineering Bay  
  64  5:55  Engineering Bay, Barracks  
  65  6:00  Viking  
  67  6:08  SCV x2  
  67  6:10  Marine  
  70  6:13  Siege Tank  
  70  6:15  Viking  
  75  6:21  SCV x2  
  75  6:23  Terran Infantry Weapons Level 1  
  77  6:28  Terran Infantry Armor Level 1  
  77  6:33  SCV x2  
  77  6:34  Barracks Reactor  
  77  6:35  Orbital Command  
  77  6:36  Barracks  
  79  6:41  Barracks, Orbital Command  
  79  6:45  SCV x2  
  79  6:46  Barracks Reactor  
  81  6:49  Marine  
  81  6:52  Supply Depot, Siege Tank  
  85  6:56  Refinery  
  85  6:57  SCV x2  
  88  7:04  Refinery  
  88  7:06  SCV  
  88  7:09  Supply Depot, SCV x2  
  88  7:10  Marine  
  88  7:11  Marine x2  
  88  7:15  Supply Depot  
  93  7:18  SCV  
  93  7:21  SCV x2  
  93  7:22  Combat Shields  
  96  7:23  Barracks Reactor  
  96  7:24  Siege Tank  
  96  7:28  Armory  
  96  7:29  Barracks Reactor  
  99  7:30  SCV  
  99  7:33  SCV x2  
  99  7:34  Marine x3  
  99  7:35  Marine  
  106  7:37  Marine  
  106  7:41  Supply Depot  
  106  7:43  SCV  
  107  7:45  Medivac x2  
  107  7:46  SCV  
  107  7:47  SCV  
  107  7:50  Supply Depot  
  112  7:52  Marine x2  
  112  7:56  Siege Tank  
  117  7:59  Sensor Tower  
  117  8:02  Marine x4  
  117  8:03  Supply Depot  
  121  8:11  Supply Depot  
  121  8:12  Barracks  
  120  8:13  Barracks  
  120  8:15  Marine  
  120  8:16  Marine x4  
  129  8:25  Terran Infantry Armor Level 2  
  129  8:26  Terran Infantry Weapons Level 2  
  123  8:27  Supply Depot, Terran Vehicle Weapons Level 1  
  123  8:28  Marine x4  
  123  8:33  Marine x3  
  130  8:34  Supply Depot, Siege Tank  
  130  8:41  Marine x2  
  134  8:43  Medivac  
  134  8:45  Marine  
  134  8:46  Marine, Medivac  
  134  8:47  Supply Depot  
  134  8:48  Supply Depot  
  140  8:54  Marine x5, Missile Turret  
  145  8:58  Marine  
  145  8:59  Barracks Reactor  
  145  9:01  Barracks Reactor  
  146  9:04  Factory  
  146  9:10  Siege Tank  
  146  9:14  Marine x7  
  137  9:22  Medivac  
  137  9:23  Marine x2  
  137  9:24  Medivac  
  121  9:32  Marine x7  
  128  9:40  Marine  
  128  9:41  Marine, Command Center  
  128  9:43  Marine x4, Siege Tank  
  137  9:49  Marine, Factory Tech Lab  
  137  9:50  Marine x3  
  141  9:54  Medivac x2  
  141  9:55  Marine x3  
  141  9:58  Marine x2  
  150  10:01  Marine  
  148  10:11  Command Center  
  147  10:20  Siege Tank x2  
  152  10:22  Marine x6  
  152  10:23  Marine  
  159  10:29  Marine x5  
  159  10:34  Medivac x2  
  167  10:40  Marine  
  167  10:41  Marine x4  
  172  10:48  Marine  
  172  10:49  Marine x6  
  170  11:00  Siege Tank  
  174  11:06  Marine x3  
  174  11:07  Supply Depot x2  
  174  11:10  Marine x2  
  180  11:23  Terran Infantry Weapons Level 3  
  180  11:24  Marine x3  
  167  11:31  Terran Infantry Armor Level 3  
  164  11:37  Marine x2  
  164  11:38  Marine x8  
  174  11:45  Siege Tank  
  177  11:53  Marine x3  
  180  11:55  Marine x3  
  180  11:58  Planetary Fortress  
  171  12:11  Marine x7, Siege Tank  
  171  12:12  Marine  
  171  12:14  Marine x2  
  144  12:20  Marine x3  
  126  12:25  Siege Tank  
  126  12:29  Marine x3  
  132  12:31  Marine x5  
  132  12:36  Marine x2  
  138  12:39  Marine  
  138  12:40  Marine x2  
  141  12:45  Siege Tank  
  141  12:47  Marine x3  
  141  12:49  Marine  
  141  12:50  Marine x4  
  152  12:54  Marine  
  152  12:55  Marine  
  152  12:57  Marine, Siege Tank  
  158  12:59  Viking  
  158  13:02  Marine, Viking  
  158  13:03  Marine  
  158  13:04  Marine  
  158  13:05  Marine x2  
  167  13:08  Refinery  
  166  13:14  Marine x4  
  166  13:15  SCV x2  
  166  13:16  Marine x4  
  176  13:20  Marine  
  176  13:21  Marine  
  176  13:22  Marine  
  176  13:25  Siege Tank  
  176  13:26  Marine x2  
  184  13:32  Marine x4  
  188  13:37  Marine x3  
  188  13:38  Marine  
  188  13:39  Orbital Command  
  188  13:40  Marine  
  177  13:44  Marine  
  177  13:48  Siege Tank  
  165  13:50  Marine x4  
  165  13:54  Marine  
  165  13:55  Marine  
  168  13:57  Barracks  
  168  13:58  Barracks  
  168  14:01  Barracks  
  143  14:14  Marine x2  
  143  14:16  Siege Tank  
  143  14:21  SCV x3  
  143  14:22  Marine x2  
  146  14:33  SCV x2  
  146  14:34  Siege Tank  
  146  14:37  Marine x3  
  153  14:40  Marine x2  
  153  14:41  Marine  
  153  14:43  Marine  
  151  14:46  Marine x2  
  151  14:49  Marine x2  
  154  14:55  Marine x3  
  156  15:04  Refinery  
  156  15:05  Supply Depot, Refinery  
  148  15:26  Marine x6  
  148  15:28  Marine  
  148  15:29  Marine  
  147  15:37  Supply Depot x2  
  147  15:38  Supply Depot  
  147  15:44  Marine x2  
  147  15:45  Marine x6  
  147  15:46  Marine x2  
  147  15:47  Marine  

Tags
 
Add a new tag
Caveats
  • Supply blocks, unpowered buildings, or Contaminate may cause inaccurate times.
  • Supply counts are checked every 10 seconds.